 Dungeon Crawl Stone Soup version 0.29.1-2-gbd0b4ee654 (webtiles) character file.

Game seed: 11844596098975788172

16737 Cape the Fighter (level 12, 0/168 HPs)
             Began as a Minotaur Berserker on Oct 25, 2022.
             Was an Elder of Trog.
             Killed from afar by a manticore (11 damage)
             ... with a volley of spikes
             ... on level 1 of the Lair of Beasts.
             The game lasted 00:31:37 (13953 turns).

Cape the Fighter (Minotaur Berserker)              Turns: 13953, Time: 00:31:37

Health: 0/168      AC: 16    Str: 25    XL:     12   Next: 12%
Magic:  11/11      EV:  5    Int:  4    God:    Trog [****..]
Gold:   357        SH: 29    Dex: 12    Spells: 11/11 levels left

rFire   . . .      SeeInvis .   x - +3 hand axe (freeze)
rCold   + . .      Faith    .   D - +18 shield of the Gong {rElec rN+ Will+ EV-5}
rNeg    + + .      Spirit   .   d - +3 chain mail {rC+}
rPois   .          Reflect  .   J - +0 hat
rElec   +          Harm     .   C - +1 cloak
rCorr   .          Rampage  .   (no gloves)
Will    +....                   (no boots)
Stlth   ..........              (no amulet)
HPRegen 0.38/turn               p - ring of positive energy
MPRegen 0.12/turn               t - ring of flight

@: berserking, spiked, flying, very quick
A: horns 2, retaliatory headbutt
a: Renounce Religion, Berserk, Trog's Hand, Brothers in Arms


You were on level 1 of the Lair of Beasts.
You worshipped Trog.
Trog was greatly pleased with you.
You visited 2 branches of the dungeon, and saw 11 of its levels.
You also visited: Bailey.

You collected 529 gold pieces.
You spent 172 gold pieces at shops.

Inventory:

Hand Weapons
 o - a +1 hand axe of electrocution
 w - the +5 lochaber axe {reach-cleave, poleaxe}
   (You found it in a bailey)

   It can be evoked to extend its reach, and strikes at all foes within reach,
   dealing less damage to those not targeted.
   It uses either Axes or Polearms skill, whichever is higher.
 x - a +3 hand axe of freezing (weapon)
Missiles
 c - 6 datura-tipped darts (quivered)
 j - 30 poisoned darts
 u - 2 throwing nets
 E - 3 curare-tipped darts
Armour
 d - a +3 chain mail of cold resistance (worn)
 k - a +1 kite shield
 C - a +1 cloak (worn)
 D - the +18 shield of the Gong (worn) {rElec rN+ Will+ EV-5}
   (You found it on level 10 of the Dungeon)

   It is deafeningly noisy when blocking attacks.
   EV:        It affects your evasion (-5).
   rElec:     It insulates you from electricity.
   rN:        It protects you from negative energy.
   Will:      It increases your willpower.
 J - a +0 hat (worn)
Jewellery
 p - a ring of positive energy (left hand)
 t - a ring of flight (right hand)
Wands
 g - a wand of digging (8)
 y - a wand of paralysis (26)
 z - a wand of polymorph (7)
 H - a wand of flame (13)
Scrolls
 e - 4 scrolls of enchant armour
 i - a scroll of butterflies
 l - a scroll of poison {unknown}
 q - 2 scrolls of teleportation
 r - a scroll of enchant weapon
 s - a scroll of magic mapping {unknown}
 v - a scroll of brand weapon {unknown}
 A - a scroll of noise
 G - a scroll of fear
Potions
 a - 2 potions of lignification
 b - 3 potions of mutation
 f - 2 potions of curing
 h - a potion of heal wounds
 m - a potion of ambrosia {unknown}
 n - a potion of berserk rage {unknown}
 B - a potion of might


   Skills:
 * Level 12.0 Fighting
 * Level 12.0 Axes
 + Level 8.6 Armour
 + Level 7.7 Dodging
 - Level 2.7 Stealth
 * Level 9.9 Shields
 + Level 6.1 Evocations


You had 11 spell levels left.
You didn't know any spells.
Your spell library was empty.

Dungeon Overview and Level Annotations

Branches:
Dungeon (10/15)            Temple (0/1) D:5            Lair (1/5) D:10
 Bailey (visited)
    Orc: D:9-12

Altars:
Ashenzari
Cheibriados
Elyvilon
Hepliaklqana
Kikubaaqudgha
Makhleb
Okawaru
Qazlal
Sif Muna
Trog
Vehumet
Yredelemnul
The Shining One

Shops:
D:9 *


Innate Abilities, Weirdness & Mutations

You have a pair of horns on your head.
You reflexively headbutt those who attack you in melee.


Message History

GONNNNG!
The eight-headed hydra bites you but does no damage.
The eight-headed hydra bites you.
* * * LOW HITPOINT WARNING * * *
The eight-headed hydra bites you.
* * * LOW HITPOINT WARNING * * *
The eight-headed hydra barely misses you.
The rime drake bites you but does no damage.
You hear a trumpeting!
You hear an angry hiss. x2
You barely miss the eight-headed hydra.
The eight-headed hydra is moderately wounded.
You slash the rime drake! You freeze the rime drake.
You closely miss the blink frog.
The manticore flicks its tail.
The volley of spikes hits you.
The barbed spikes become lodged in your body.
* * * LOW HITPOINT WARNING * * *
The blink frog hits you!
* * * LOW HITPOINT WARNING * * *
You chop one of the eight-headed hydra's heads off!
The seven-headed hydra grows two more!
You hit the nine-headed hydra.
The nine-headed hydra seems to slow down.
You freeze the nine-headed hydra.
Your headbutt misses the nine-headed hydra.
The nine-headed hydra is moderately wounded.
You closely miss the rime drake. You miss the blink frog.
The rime drake breathes ice at you. You block the flash freeze.
GONNNNG!
You hear a bellow! x2; You hear a roar!
You hear a trumpeting!
You hear an angry hiss.
You hear a croak.
You hear a bellow!
You hit the nine-headed hydra. You freeze the nine-headed hydra.
The nine-headed hydra is moderately wounded.
You hit the rime drake. You slash the blink frog!
The blink frog seems to slow down.
You freeze the blink frog.
You kill the blink frog!
Trog accepts your kill.
The manticore flicks its tail.
The volley of spikes hits you!
The barbed spikes become lodged in your body.
You die...

..........# #.........#
##..?......###.
#...............
#....H...........
##...............
#.....†Dk........
#......@.........
##...............
#................ ########
#................
...#...###................
..........................
..................$.......
P..###.#############P#####
#### ### ##


You could see a nine-headed hydra (slow), a manticore and a rime drake (catching
breath).

Vanquished Creatures
  A hydra (D:10)
  3 two-headed ogres
  A tengu warrior (D:8)
  A death drake (D:9)
  2 vault sentinels (D:10)
  A black mamba (Lair:1)
  2 cane toads (Lair:1)
  3 trolls (D:10)
  Grinder (D:3)
  12 blink frogs (Lair:1)
  Sigmund (D:4)
  3 wyverns (D:10)
  15 yaks
  2 basilisks (D:10)
  A steam dragon (D:10)
  An acid dragon (D:10)
  5 water moccasins
  10 orc warriors
  5 black bears
  4 ogres
  2 centaurs
  7 bullfrogs
  A gnoll sergeant (D:4)
  A necrophage (D:5)
  3 scorpions
  13 wights
  11 killer bees
  A howler monkey (D:9)
  A jelly (D:3)
  6 orc priests
  2 hounds
  A gnoll bouda (D:6)
  6 iguanas
  Terence (D:3)
  9 orc wizards
  Ijyb (D:3)
  Robin (D:3)
  5 adders
  21 gnolls
  A dart slug (D:4)
  30 orcs
  4 ball pythons
  8 endoplasms
  3 giant cockroaches
  20 goblins
  9 hobgoblins
  2 jackals (D:4)
  5 kobolds
  4 quokkas
  5 bats
  8 frilled lizards
  7 rats
273 creatures vanquished.

Vanquished Creatures (collateral kills)
  An acid dragon (D:9)
  2 kobold brigands (D:9)
  7 kobolds (D:9)
10 creatures vanquished.

Vanquished Creatures (others)
  7 fungi (Lair:1)
  3 plants
10 creatures vanquished.

Grand Total: 293 creatures vanquished

Notes
Turn   | Place    | Note
-------+----------+-------------------------------------------
     0 | D:1      | Cape the Minotaur Berserker began the quest for the Orb.
     0 | D:1      | Reached XP level 1. HP: 19/19 MP: 0/0
   351 | D:1      | Found a faded altar of an unknown god.
   464 | D:1      | Reached XP level 2. HP: 26/27 MP: 1/1
  1574 | D:2      | Reached XP level 3. HP: 31/33 MP: 2/2
  2002 | D:3      | Reached ** piety under Trog
  2145 | D:3      | Noticed Grinder
  2160 | D:3      | Reached XP level 4. HP: 41/41 MP: 3/3
  2164 | D:3      | Reached skill level 1 in Evocations
  2171 | D:3      | Killed Grinder
  2172 | D:3      | Reached skill level 5 in Fighting
  2172 | D:3      | Reached skill level 5 in Axes
  2172 | D:3      | Reached skill level 1 in Stealth
  2172 | D:3      | Reached XP level 5. HP: 31/48 MP: 4/4
  2200 | D:3      | Noticed Robin
  2214 | D:3      | Killed Robin
  2215 | D:3      | Reached XP level 6. HP: 47/56 MP: 5/5
  2356 | D:3      | Noticed Terence
  2364 | D:3      | Killed Terence
  2466 | D:3      | Found a hazy altar of Hepliaklqana.
  2538 | D:3      | Identified the +8 shortbow "Vorch" {flame, rC+ rN+}
  2569 | D:3      | Noticed Ijyb
  2581 | D:3      | Killed Ijyb
  2627 | D:3      | You fall into a shaft and drop 1 floor!
  2946 | D:4      | Found a radiant altar of Vehumet.
  3463 | D:4      | Reached XP level 7. HP: 27/62 MP: 6/6
  3909 | D:4      | Noticed Sigmund
  3922 | D:4      | Killed Sigmund
  4090 | D:4      | Found a bloodstained altar of Trog.
  4108 | D:4      | Reached XP level 8. HP: 71/71 MP: 7/7
  4110 | D:4      | Found a shimmering blue altar of Sif Muna.
  4794 | D:5      | Entered Level 5 of the Dungeon
  4943 | D:5      | Found a staircase to the Ecumenical Temple.
  4971 | D:5      | Reached skill level 1 in Shields
  4986 | D:5      | Reached *** piety under Trog
  5192 | D:5      | Reached skill level 5 in Armour
  6300 | D:6      | Reached XP level 9. HP: 74/81 MP: 8/8
  6523 | D:6      | Found a snail-covered altar of Cheibriados.
  6613 | D:6      | Reached skill level 5 in Dodging
  6697 | D:6      | Found a broken altar of Ashenzari.
  6697 | D:6      | Found an iron altar of Okawaru.
  6697 | D:6      | Found a glowing golden altar of the Shining One.
  7004 | D:7      | Noticed a two-headed ogre
  7009 | D:7      | Killed a two-headed ogre
  7135 | D:7      | Found a burning altar of Makhleb.
  7252 | D:7      | Reached skill level 5 in Shields
  7655 | D:7      | Reached XP level 10. HP: 79/91 MP: 9/9
  7828 | D:7      | Reached **** piety under Trog
  8062 | D:7      | Found a white marble altar of Elyvilon.
  8246 | D:7      | Found an ancient bone altar of Kikubaaqudgha.
  9151 | D:8      | Found a basalt altar of Yredelemnul.
  9521 | D:8      | Noticed a tengu warrior
  9538 | D:8      | Killed a tengu warrior
 10013 | D:8      | Found a stormy altar of Qazlal.
 10121 | D:9      | Reached skill level 10 in Fighting
 10199 | D:9      | Found a flagged portal.
 10209 | Bailey   | Entered a bailey
 10233 | Bailey   | Reached skill level 10 in Axes
 10786 | Bailey   | Found the +5 lochaber axe {reach-cleave, poleaxe}
 10791 | Bailey   | Noticed an orc knight
 10791 | Bailey   | Noticed an orc knight
 10793 | Bailey   | Noticed a death drake
 10793 | Bailey   | an orc knight changed into a death drake
 10800 | Bailey   | HP: 4/139 [orc warrior/+0 halberd (5)]
 10804 | D:9      | Killed a death drake
 10805 | D:9      | Reached skill level 5 in Evocations
 11337 | D:9      | Found Arerysue's Neck Hole.
 11341 | D:9      | Bought a +1 cloak for 172 gold pieces
 11529 | D:9      | Noticed a two-headed ogre
 11542 | D:9      | Killed a two-headed ogre
 11543 | D:9      | Reached XP level 11. HP: 27/101 MP: 10/10
 12312 | D:10     | Entered Level 10 of the Dungeon
 12426 | D:10     | Found the +18 shield of the Gong {rElec rN+ Will+ EV-5}
 13070 | D:10     | Noticed a two-headed ogre
 13083 | D:10     | Killed a two-headed ogre
 13207 | D:10     | Found a staircase to the Lair.
 13600 | Lair:1   | Entered Level 1 of the Lair of Beasts
 13610 | Lair:1   | Noticed a four-headed hydra
 13642 | D:10     | Killed a 12-headed hydra
 13840 | Lair:1   | Noticed a catoblepas
 13874 | Lair:1   | Reached XP level 12. HP: 53/112 MP: 11/11
 13939 | Lair:1   | Noticed a five-headed hydra
 13953 | Lair:1   | Killed from afar by a manticore

Illustrated notes

Levels and vault maps discovered:
D:1:      mrwooster_arrival_statue, layout_basic, basic_ecumenical_altar
D:2:      layout_loops_cross, minmay_lizard_pond
D:3:      layout_basic, old_standard_altar, uniq_ijyb, uniq_terence,
          uniq_grinder, uniq_robin
D:4:      layout_basic, nzn_overflow_gifts_of_might_and_magic,
          mainiacjoe_overflow_alcove_1, lightli_minifort, uniq_sigmund
D:5:      layout_loops_cross, minmay_temple_entry_slanted
D:6:      layout_basic, lemuel_coloured_pillars_altar,
          gammafunk_temple_overflow_forgotten
D:7:      layout_basic, mainiacjoe_overflow_surrounded_room,
          mainiacjoe_overflow_catwalk, general_overflow_altar
D:8:      layout_layer_cave, old_standard_altar, nicolae_qazlal_eye_of_the_storm
D:9:      layout_big_octagon, enter_bailey_3, nicolae_shop_sticking_my_neck_out
D:10:     layout_rooms, erik_lair_dragon, hellmonk_guarded_unrand_gong
Lair:1:   layout_long_grid, nicolae_lair_lakeside_cave, grunt_megastairs_1

Skill      XL: |  1  2  3  4  5  6  7  8  9 10 11 12 |
---------------+-------------------------------------+-----
Fighting       | 4 5 6 7 9 10 11 12 | 12.0
Axes           | 4 5 6 7 9 10 11 12 | 12.0
Evocations     | 1 2 3 4 5 6 |  6.1
Armour         | 3 4 5 6 7 8 |  8.6
Dodging        | 3 4 5 6 7 |  7.7
Stealth        | 1 2 |  2.7
Shields        | 3 5 7 9 |  9.9

Action                   |  1- 3 |  4- 6 |  7- 9 | 10-12 || total
-------------------------+-------+-------+-------+-------++-------
Melee: Hand axe          |    75 |    86 |   264 |   430 ||   855
       Headbutt          |    12 |    10 |    55 |    78 ||   155
Throw: Dart              |       |       |       |     4 ||     4
Invok: Trog's Hand       |       |     1 |     1 |     5 ||     7
       Berserk           |       |     1 |     3 |     8 ||    12
Evoke: Wand              |       |       |       |     1 ||     1
  Use: Scroll            |     8 |       |     2 |    10 ||    20
       Potion            |       |       |     2 |     3 ||     5
 Stab: Invisible         |       |       |     3 |       ||     3
       Petrified         |       |       |       |     1 ||     1
Armor: Ring mail         |    20 |     5 |       |       ||    25
       Chain mail        |       |    10 |   105 |   196 ||   311
Dodge: Dodged            |    28 |    23 |    66 |   114 ||   231
Block: Kite shield       |    18 |    23 |   121 |   407 ||   569
       Buckler           |     1 |       |       |       ||     1
